 Dungeon Crawl Stone Soup version 0.26-a0-519-gb2f46efeda (webtiles) character file.

Game seed: 518344749800766234

0 Gargoyl the Skirmisher (level 1, -4/23 HPs)
             Began as a Gnoll Abyssal Knight on Aug 10, 2020.
             Was a Follower of Lugonu.
             Slain by a vampire (10 damage)
             ... on level 3 of the Abyss.
             The game lasted 00:01:06 (246 turns).

Gargoyl the Skirmisher (Gnoll Abyssal Knight)        Turns: 246, Time: 00:01:07

Health: -4/23      AC:  3    Str: 14    XL:     1   Next: 0%
Magic:  3/3        EV: 12    Int: 14    God:    Lugonu [*.....]
Gold:   139        SH:  0    Dex: 14    Spells: 0/0 levels left

rFire    . . .     SeeInvis .   a - +1 hand axe
rCold    . . .     Faith    .   (no shield)
rNeg     . . .     Spirit   .   b - +0 leather armour
rPois    .         Reflect  .   (no helmet)
rElec    .         Harm     .   (no cloak)
rCorr    .                      (no gloves)
MR       .....                  (no boots)
Stlth    +.........             (no amulet)
HPRegen  0.07/turn              (no ring)
MPRegen  0.08/turn              (no ring)

@: no status effects
A: distributed training, fangs 1, strong nose
a: Depart the Abyss, Renounce Religion


You were on level 3 of the Abyss.
You worshipped Lugonu.
Lugonu was aware of your devotion.
You visited 0 branches of the dungeon, and saw 0 of its levels.
You visited the Abyss 1 time.

You collected 139 gold pieces.

Inventory:

Hand Weapons
 a - a +1 hand axe (weapon)
Armour
 b - a +0 leather armour (worn)


   Skills:
 + Level 6.4 Fighting
 + Level 0.0 Short Blades
 + Level 0.0 Long Blades
 + Level 4.4 Axes
 + Level 0.0 Maces & Flails
 + Level 0.0 Polearms
 + Level 0.0 Staves
 + Level 0.0 Slings
 + Level 0.0 Bows
 + Level 0.0 Crossbows
 + Level 0.0 Throwing
 + Level 4.4 Armour
 + Level 2.3 Dodging
 + Level 0.0 Stealth
 + Level 0.0 Shields
 + Level 0.0 Unarmed Combat
 + Level 0.0 Spellcasting
 + Level 0.0 Conjurations
 + Level 0.0 Hexes
 + Level 0.0 Summonings
 + Level 0.0 Necromancy
 + Level 0.0 Translocations
 + Level 0.0 Transmutations
 + Level 0.0 Fire Magic
 + Level 0.0 Ice Magic
 + Level 0.0 Air Magic
 + Level 0.0 Earth Magic
 + Level 0.0 Poison Magic
 + Level 4.4 Invocations
 + Level 0.0 Evocations


You couldn't memorise any spells.
You didn't know any spells.
Your spell library was empty.

Dungeon Overview and Level Annotations

Branches:
Dungeon (0/15)

Altars:


Innate Abilities, Weirdness & Mutations

Your experience applies equally to all skills.
You have very sharp teeth.
Your uncanny sense of smell can sniff out nearby items.


Message History

A vampire comes into view.
The vampire mumbles some strange words.
The vampire flickers and vanishes!
Deactivating autopickup; reactivate with Ctrl-A.
Found 43 gold pieces.
Something tries to affect you, but you resist.
You see here 43 gold pieces.
You now have 139 gold pieces (gained 43).
A lurking horror comes into view.
Found 18 stones.
The lurking horror explodes!
Your body is wracked with pain!
You see here 18 stones.
Something hits you. Something barely misses you.
You hear some strange, mumbled words.
Something tries to affect you, but you resist.
Something hits you.
* * * LOW HITPOINT WARNING * * *
Something bites you!
You die...

# ..#... ..#.....###
.....#.##...##.#..
..#...##§...#....# . ..
..#.##.##.#..## .....#
##..#.#(....# .. .....
#.#......# .#
#.....#.######..##.#.#.#
.. . #.........{.......#
..#......#...#..@.##.. .
.##.......##....# .
.......# #§###...# . #
.....## ... ##. #...##.
... ..# .... . .###. . #
#.# . . # # .. ##


There were no monsters in sight!

Vanquished Creatures (others)
  A lurking horror (Abyss:3)
1 creature vanquished.

Notes
Turn   | Place    | Note
-------+----------+-------------------------------------------
     0 | Abyss:1  | Gargoyl the Gnoll Abyssal Knight began the quest for the
                  | Orb.
     0 | Abyss:1  | Reached XP level 1. HP: 23/23 MP: 3/3
   148 | Abyss:1  | Noticed a neqoxec
   210 | Abyss:3  | Noticed a vampire
   246 | Abyss:3  | Slain by a vampire

Illustrated notes

Levels and vault maps discovered:
Abyss:3:  minivault_5

Action                   || total
-------------------------++-------
  Use: Potion            ||     2
       Scroll            ||     1
Dodge: Dodged            ||     1

Table legend: (Time is in decaauts)
 A = Elapsed time spent in this place.
 B = Non-inter-level travel time spent in this place.
 C = Inter-level travel time spent in this place.
 D = Time resting spent in this place.
 E = Time spent auto-exploring this place.
 F = Levels seen in this place.
 G = Mean time per level.
                   A        B        C        D        E       F      G
               +--------+--------+--------+--------+--------+-----+--------+
         Total |    245 |    245 |      0 |      0 |    154 |   3 |   81.7 |
         Abyss |    245 |    245 |      0 |      0 |    154 |   3 |   81.7 |
               +--------+--------+--------+--------+--------+-----+--------+

Top non-repeatable levels by time:
 Abyss:1: 179 daAuts
 Abyss:3: 58 daAuts
 Abyss:2: 7 daAuts
